 Dungeon Crawl Stone Soup version 0.29-a0-422-gafbd6decc1 (webtiles) character file.

Game seed: 15789802478311283081

51981 holysushi the Spry (level 14, -9/97 HPs)
             Began as an Octopode Artificer on May 19, 2022.
             Was an Initiate of Gozag.
             Shot with an arrow by Nessos (15 damage)
             ... on level 4 of the Lair of Beasts.
             The game lasted 00:39:49 (23271 turns).

holysushi the Spry (Octopode Artificer)            Turns: 23271, Time: 00:39:50

Health: -9/97      AC:  6    Str: 18    XL:     14   Next: 62%
Magic:  14/14      EV: 28    Int: 13    God:    Gozag
Gold:   1637       SH:  5    Dex: 22    Spells: 13/13 levels left

rFire   + . .      SeeInvis .   O - +8 Vampire's Tooth {vamp}
rCold   . . .      Faith    .   (no shield)
rNeg    + + .      Spirit   .   i - +1 hat
rPois   +          Reflect  +   m - amulet of reflection
rElec   .          Harm     .   l - +4 ring of protection
rCorr   .          Rampage  .   w - ring of poison resistance
Will    ++...                   M - ring of Vawnonik {rF+ rN++ Str+6 Dex+5}
Stlth   +++.......              K - ring of willpower
HPRegen 0.26/turn               (no ring)
MPRegen 0.14/turn               (no ring)
                                (no ring)
                                (no ring)

@: lethally poisoned (-9 -> -13)
A: almost no armour, amphibious, 8 rings, camouflage 1, gelatinous body 1,
(nimble swimmer 1), tentacles
a: Renounce Religion, Potion Petition, Call Merchant, Bribe Branch


You were on level 4 of the Lair of Beasts.
You worshipped Gozag.
Gozag was most pleased with you.
You visited 3 branches of the dungeon, and saw 16 of its levels.
You also visited: Gauntlet.

You collected 4331 gold pieces.
You spent 2135 gold pieces at shops.
You paid 559 gold pieces to Gozag.

Inventory:

Hand Weapons
 e - a +4 short sword of speed
 h - a +1 dagger of holy wrath
 B - a +0 quick blade
 C - a +3 dagger of chaos
 O - the +8 Vampire's Tooth (weapon) {vamp}
   (You bought it in a shop on level 2 of the Lair of Beasts)

   It occasionally heals its wielder for the full amount of damage dealt when it
   wounds a living foe.
 P - a +0 antimagic rapier
Missiles
 s - 3 throwing nets
Armour
 i - a +1 hat (worn)
 N - the +0 hat of Insecurity {rF+ MP+9 Str-3 SInv}
   (You found it in a Gauntlet)

   Str:       It affects your strength (-3).
   rF:        It protects you from fire.
   MP:        It affects your magic capacity (+9).
   SInv:      It lets you see invisible.
Jewellery
 l - a +4 ring of protection (left tentacle)
 m - an amulet of reflection (around mantle)
 n - an amulet of magic regeneration
 w - a ring of poison resistance (right tentacle)
 K - a ring of willpower (on tentacle)
 L - a ring of ice
 M - the ring of Vawnonik (on tentacle) {rF+ rN++ Str+6 Dex+5}
   (You found it in a Gauntlet)

   [ring of strength]

   Str:       It affects your strength (+6).
   Dex:       It affects your dexterity (+5).
   rF:        It protects you from fire.
   rN:        It greatly protects you from negative energy.
Wands
 b - a wand of flame (17) (quivered)
 c - a wand of charming (5)
 d - a wand of iceblast (10)
 x - a wand of acid (11)
 y - a wand of paralysis (6)
 F - a wand of polymorph (5)
Scrolls
 a - 6 scrolls of magic mapping
 f - 8 scrolls of poison
 g - 2 scrolls of blinking
 j - 4 scrolls of fog
 k - 5 scrolls of immolation
 u - 4 scrolls of identify
 G - a scroll of teleportation
 I - 2 scrolls of vulnerability
 R - a scroll of noise {unknown}
 S - 2 scrolls of enchant weapon
Potions
 o - 4 potions of might
 p - 8 potions of lignification
 r - 3 potions of curing
 t - a potion of magic
 v - 2 potions of mutation
 z - a potion of brilliance
 A - 3 potions of flight
 D - a potion of resistance
 E - a potion of berserk rage {unknown}
 H - 2 potions of heal wounds
 J - 6 potions of ambrosia {unknown}
 Q - a potion of cancellation
Miscellaneous
 q - a phantom mirror


   Skills:
 - Level 9.0 Fighting
 - Level 14.0 Short Blades
 * Level 18.4 Dodging
 + Level 2.1 Stealth
 - Level 6.0 Evocations


You had 13 spell levels left.
You didn't know any spells.
Your spell library contained the following spells:

 Spells                   Type           Power      Damage    Failure   Level
 Foxfire                  Conj/Fire      0%         2x1d4     30%         1
 Sting                    Tmut/Pois      0%         1d3       30%         1
 Poisonous Vapours        Pois/Air       0%         N/A       43%         2
 Conjure Flame            Conj/Fire      0%         6-21      67%         3
 Frozen Ramparts          Ice            0%         1d2       67%         3
 Inner Flame              Hex/Fire       0%         N/A       67%         3
 Spider Form              Tmut/Pois      0%         N/A       67%         3
 Flame Wave               Conj/Fire      0%         2d4       97%         4
 Ice Form                 Ice/Tmut       0%         N/A       97%         4
 Olgreb's Toxic Radiance  Pois           0%         N/A       97%         4
 Summon Ice Beast         Ice/Summ       0%         N/A       97%         4
 Storm Form               Tmut/Air       0%         N/A       100%        7


Dungeon Overview and Level Annotations

Branches:
Dungeon (11/15)            Temple (1/1) D:7            Lair (4/6) D:11
 Shoals (0/4) Lair:4       Spider (0/4) Lair:2          Orc (0/2) D:10
Gauntlet (visited)

Altars:
Ashenzari
Cheibriados
Dithmenos
Elyvilon
Fedhas
Gozag
Hepliaklqana
Kikubaaqudgha
Makhleb
Nemelex Xobeh
Okawaru
Qazlal
Ru
Sif Muna
Trog
Uskayaw
Vehumet
Wu Jian
Xom
Yredelemnul
Zin
The Shining One

Shops:
D:8 (   Lair:2 (

Annotations:
D:3 3 runed translucent doors, CowFu's ghost, amateur MiFi; Hubjo's ghost, amateur DEFE; hquester's ghost, amateur TrBe; trckry's ghost, amateur DsWn
D:4 exclusion: downstairs
D:5 2 transporters, snetch's ghost, novice MiBe
Lair:1 1 runed translucent door, om's ghost, journeyman TrBe
Lair:4 Nessos


Innate Abilities, Weirdness & Mutations

You cannot wear most types of armour.
You are amphibious.
You can wear up to eight rings at the same time.
Your skin changes colour to match your surroundings (Stealth+).
Your rubbery body absorbs attacks. (AC +1, EV +1)
((You are camouflaged when in or above water. (Stealth+)))
You have tentacles for arms and can constrict up to eight enemies at once.


Message History

Nessos blinks!
Unknown command.
Nessos is distracted by your dazzling golden aura.
The death yak is distracted by your dazzling golden aura.
Unknown command.
The blink frog completely misses you.
Unknown command.
You closely miss the blink frog.
The death yak bellows!
You grab the blink frog.
You squeeze the blink frog, but do no damage.
You constrict the blink frog.
Nessos is no longer distracted by gold.
The death yak is no longer distracted by gold.
Nessos wields a +3 longbow of flaming.
It bursts into flame!
Nessos shoots an arrow.
The arrow closely misses you. The blink frog misses you.
You release your grip on the blink frog.
The death yak attacks as you move away! The death yak gores you!!
Nessos shoots an arrow.
You reflect the arrow off an invisible shield around you!
The arrow hits Nessos!!
The arrow burns Nessos!
Nessos looks as sick as possible!
Nessos shoots an arrow.
The arrow hits you!! The arrow burns you.
You are poisoned.
The blink frog blinks!
The blink frog attacks as you move away!
The blink frog completely misses you.
You feel very sick. The death yak gores you! The blink frog hits you.
* * * LOW HITPOINT WARNING * * *
The blink frog blinks!
The death yak gores you!!
* * * LOW HITPOINT WARNING * * *
Nessos shoots an arrow.
The arrow misses you.
Blink to where?
Press: ? - help, Dir - move target
As you read the scroll of blinking, it crumbles to dust.
You feel yourself speed up.
You feel sick.
Nessos shoots an arrow.
The arrow hits you!
You die...
Your body crumbles into a pile of gold.

≈≈≈≈≈≈≈≈...+.........#
P≈P≈≈≈≈≈.###........##
≈P.≈≈≈≈P.###.........#
≈...≈P≈≈..####.#.##P##
..........# ##..# .........##
##..## .###.#...# ##...## ##
#....P###.....### #########
#####..###.....@..# #.#.#.#.#
##.........+......#####.......#
.....##...#.......'..##.......##
.....###.##........#.##........#
.....P#..###..........#$$c....#
......#.## #.......##..Y§.....##
........# ###+#####...c!.$....#
.....+.## ####w........#
......## ##.....P###


You could see a death yak and Nessos (fast, extremely poisoned).

Vanquished Creatures
  Snorg (Lair:3)
  Fannar (Lair:1)
  Harold (D:11)
  A boulder beetle (D:11)
  A hydra (D:11)
  A catoblepas (Lair:3)
  A centaur warrior (D:11)
  2 two-headed ogres
  6 death yaks (Lair:4)
  Nergalle (Lair:4)
  Amaemon (Lair:1)
  A flayed ghost (D:9)
  An orb spider (Lair:2)
  Pikel (D:8)
  A deep elf pyromancer (D:11)
  4 cyclopes (D:11)
  An ugly thing (D:11)
  8 elephants
  5 black mambas
  A merfolk siren (Lair:4)
  An orange demon (Lair:1)
  A gargoyle (D:11)
  6 cane toads
  Psyche (D:8)
  4 unseen horrors (D:11)
  4 komodo dragons
  A merfolk (Lair:4)
  A queen bee (D:11)
  2 hornets
  2 trolls (D:10)
  3 polar bears
  23 blink frogs
  Prince Ribbit (Lair:3)
  A centaur simulacrum (D:11)
  3 shadows
  7 wraiths
  5 wyverns
  48 yaks
  26 fire bats (D:9)
  4 basilisks
  A swamp worm (Gauntlet)
  3 vampire mosquitoes (D:11)
  2 acid dragons
  11 water moccasins
  2 black bears
  An orc warrior (D:10)
  A sky beast (D:7)
  3 ice beasts
  3 ogres
  12 wolves
  4 centaurs
  A phantom (D:6)
  A kobold brigand (D:10)
  2 gnoll sergeants
  A necrophage (D:4)
  12 bullfrogs
  3 small abominations (Gauntlet)
  3 scorpions
  5 wights (D:9)
  39 killer bees
  2 electric eels (Lair:4)
  3 hounds
  3 jellies
  An orc priest (D:10)
  A gnoll shaman (D:10)
  Jessica (D:3)
  3 iguanas
  8 orc wizards
  6 gnolls
  17 adders
  A shadow imp (D:5)
  2 white imps
  An ufetubus (D:4)
  2 worms
  3 dart slugs
  16 orcs
  9 ball pythons
  80 bats
  7 endoplasms
  A giant cockroach (D:4)
  12 goblins
  9 hobgoblins
  2 jackals (D:1)
  9 kobolds
  5 quokkas
  A frilled lizard (D:2)
  9 rats
508 creatures vanquished.

Vanquished Creatures (collateral kills)
  A tyrant leech (Gauntlet)
  A yak (D:5)
  2 swamp worms (Gauntlet)
  A water moccasin (D:6)
  2 orcs (D:6)
7 creatures vanquished.

Vanquished Creatures (others)
  A two-headed ogre (D:11)
  Maurice (D:8)
  A troll (D:11)
  3 yaks (D:5)
  An orc warrior (D:6)
  A killer bee (D:11)
  19 fungi
  24 plants
  8 withered plants
59 creatures vanquished.

Grand Total: 574 creatures vanquished

Notes
Turn   | Place    | Note
-------+----------+-------------------------------------------
     0 | D:1      | holysushi the Octopode Artificer began the quest for the
                  | Orb.
     0 | D:1      | Reached XP level 1. HP: 13/13 MP: 1/1
   523 | D:1      | Reached skill level 1 in Short Blades
   523 | D:1      | Reached XP level 2. HP: 18/18 MP: 2/2
   874 | D:1      | Reached XP level 3. HP: 23/23 MP: 3/3
  1541 | D:2      | Reached XP level 4. HP: 15/28 MP: 4/4
  2360 | D:2      | Reached XP level 5. HP: 32/33 MP: 5/5
  2666 | D:3      | Found a faded altar of an unknown god.
  2909 | D:3      | Noticed Jessica
  2914 | D:3      | Killed Jessica
  2915 | D:3      | Reached skill level 5 in Short Blades
  2920 | D:3      | Found a runed translucent gate.
  2942 | D:3      | Found a runed translucent gate.
  2943 | D:3      | Found a runed translucent gate.
  2945 | D:3      | Noticed CowFu's ghost (amateur MiFi)
  2945 | D:3      | Noticed Hubjo's ghost (amateur DEFE)
  2945 | D:3      | Noticed hquester's ghost (amateur TrBe)
  2945 | D:3      | Noticed trckry's ghost (amateur DsWn)
  3191 | D:4      | Reached XP level 6. HP: 29/38 MP: 6/6
  3779 | D:4      | Reached XP level 7. HP: 43/43 MP: 7/7
  3884 | D:4      | Got the Incunabulum of Glacial Transformation
  4326 | D:5      | Entered Level 5 of the Dungeon
  4557 | D:5      | Found a transporter.
  4571 | D:5      | Reached skill level 3 in Dodging
  4599 | D:5      | Found a transporter.
  4599 | D:5      | Noticed snetch's ghost (novice MiBe)
  5072 | D:5      | Reached XP level 8. HP: 48/51 MP: 8/8
  5273 | D:5      | Noticed a yak
  5273 | D:5      | Noticed a yak
  5273 | D:5      | Noticed a yak
  5274 | D:5      | Noticed a yak
  5274 | D:5      | Noticed a yak
  5285 | D:5      | Killed a yak
  5286 | D:5      | Reached skill level 4 in Dodging
  5301 | D:5      | Killed a yak
  5302 | D:5      | Reached skill level 5 in Dodging
  5979 | D:6      | Reached skill level 6 in Dodging
  6538 | D:6      | Reached XP level 9. HP: 49/58 MP: 9/9
  6744 | D:7      | Found a staircase to the Ecumenical Temple.
  6872 | Temple   | Entered the Ecumenical Temple
  7247 | Temple   | Became a worshipper of Gozag Ym Sagoz the Greedy
  7304 | D:7      | Reached skill level 7 in Dodging
  7966 | D:8      | Noticed Maurice
  7979 | D:8      | Killed Maurice
  7980 | D:8      | Reached skill level 8 in Dodging
  7987 | D:8      | Noticed Psyche
  7989 | D:8      | Paralysed by Psyche for 5 turns
  7998 | D:8      | Paralysed by something for 2 turns
  8004 | D:8      | Killed Psyche
  8231 | D:8      | Noticed a hornet
  8238 | D:8      | Killed a hornet
  8239 | D:8      | Reached skill level 5 in Fighting
  8239 | D:8      | Reached XP level 10. HP: 43/66 MP: 10/10
  8330 | D:8      | Reached skill level 9 in Dodging
  8373 | D:8      | Found a hazy altar of Hepliaklqana.
  8374 | D:8      | Found a sparkling altar of Nemelex Xobeh.
  8447 | D:8      | Found Baof's Antique Weapon Shop.
  8455 | D:8      | Bought a slimy short sword for 192 gold pieces
  8455 | D:8      | Identified the +3 short sword of Xytacw {vorpal, rElec}
                  | (You bought it in a shop on level 8 of the Dungeon)
  8796 | D:9      | Noticed Pikel
  8808 | D:8      | Killed Pikel
  8809 | D:8      | Reached skill level 10 in Short Blades
  9051 | D:9      | Reached skill level 10 in Dodging
 10226 | D:9      | Found a runed translucent door.
 10270 | D:9      | Reached skill level 11 in Dodging
 10289 | D:9      | Found an ancient bone altar of Kikubaaqudgha.
 10327 | D:9      | Reached XP level 11. HP: 61/71 MP: 11/11
 10377 | D:9      | Found an ancient bone altar of Kikubaaqudgha.
 10433 | D:9      | Found a bloodstained altar of Trog.
 10564 | D:9      | Found a snail-covered altar of Cheibriados.
 10589 | D:9      | Reached skill level 12 in Dodging
 10914 | D:9      | Found a stormy altar of Qazlal.
 11172 | D:9      | Found a radiant altar of Vehumet.
 11562 | D:9      | Noticed a flayed ghost
 11571 | D:9      | Killed a flayed ghost
 11577 | D:9      | Identified the +4 plate armour "Zattaph" {rF+ Will+}
 11578 | D:9      | Identified the ring of Ytri {rPois Will- Int+6}
 11624 | D:10     | Entered Level 10 of the Dungeon
 11745 | D:10     | Found a staircase to the Orcish Mines.
 11785 | D:10     | Reached skill level 13 in Dodging
 11965 | D:10     | Noticed a two-headed ogre
 12495 | D:10     | Killed a two-headed ogre
 12984 | D:11     | Found a shimmering blue altar of Sif Muna.
 12985 | D:11     | Noticed Harold
 12986 | D:11     | Found a sacrificial altar of Ru.
 12986 | D:11     | Found a stormy altar of Qazlal.
 13005 | D:11     | Reached XP level 12. HP: 79/79 MP: 12/12
 13090 | D:11     | Killed Harold
 13257 | D:11     | Found a shimmering altar of Xom.
 13257 | D:11     | Found a stormy altar of Qazlal.
 13257 | D:11     | Found an iron altar of Okawaru.
 13583 | D:11     | Found a staircase to the Lair.
 13712 | D:11     | Noticed an eight-headed hydra
 13724 | D:11     | Killed an eight-headed hydra
 13849 | D:11     | Reached skill level 14 in Dodging
 13879 | D:11     | Noticed a two-headed ogre
 13931 | D:11     | Noticed a boulder beetle
 14194 | D:11     | Killed a boulder beetle
 14427 | D:11     | Noticed a centaur warrior
 14447 | D:11     | Killed a centaur warrior
 14863 | D:11     | Noticed a two-headed ogre
 14888 | D:11     | Killed a two-headed ogre
 15598 | D:11     | Identified the +11 war axe of the Lachrymose God {pain,
                  | Dex+4}
 15750 | D:11     | Reached skill level 15 in Dodging
 16185 | D:11     | Reached XP level 13. HP: 88/88 MP: 13/13
 16879 | Lair:1   | Entered Level 1 of the Lair of Beasts
 17190 | Lair:1   | Noticed Amaemon
 17237 | Lair:1   | Killed Amaemon
 17438 | Lair:1   | Noticed Fannar
 17493 | Lair:1   | Killed Fannar
 17727 | Lair:1   | Found a runed translucent door.
 17727 | Lair:1   | Noticed om's ghost (journeyman TrBe)
 18181 | Lair:2   | Found a gate leading to a gauntlet.
 18187 | Gauntlet | Entered a Gauntlet
 18187 | Gauntlet | Found a transporter.
 18187 | Gauntlet | Found a transporter.
 18187 | Gauntlet | Found a transporter.
 18188 | Gauntlet | Found a transporter.
 18191 | Gauntlet | Found a transporter.
 18191 | Gauntlet | Found a transporter.
 18201 | Gauntlet | Found a transporter.
 18205 | Gauntlet | Found a transporter.
 18207 | Gauntlet | Found a large runed translucent door.
 18208 | Gauntlet | Found a large runed translucent door.
 18209 | Gauntlet | Found a large runed translucent door.
 18209 | Gauntlet | Found a large runed translucent door.
 18209 | Gauntlet | Found a runed translucent door.
 18209 | Gauntlet | Found a runed translucent door.
 18210 | Gauntlet | Found a large runed translucent door.
 18210 | Gauntlet | Found a large runed translucent door.
 18210 | Gauntlet | Found a large runed translucent door.
 18210 | Gauntlet | Found a large runed translucent door.
 18211 | Gauntlet | Found a large runed translucent door.
 18211 | Gauntlet | Found a large runed translucent door.
 18212 | Gauntlet | Found a large runed translucent door.
 18212 | Gauntlet | Found a large runed translucent door.
 18213 | Gauntlet | Found a runed translucent gate.
 18213 | Gauntlet | Found a runed translucent gate.
 18213 | Gauntlet | Found a runed translucent gate.
 18215 | Gauntlet | Found a transporter.
 18226 | Gauntlet | Found a large runed translucent door.
 18227 | Gauntlet | Found a large runed translucent door.
 18236 | Gauntlet | Found a large runed translucent door.
 18236 | Gauntlet | Found a large runed translucent door.
 18318 | Gauntlet | Found a transporter.
 18320 | Gauntlet | Found a transporter.
 18330 | Gauntlet | Found a transporter.
 18399 | Gauntlet | Identified the ring of Vawnonik {rF+ rN++ Str+6 Dex+5}
 18565 | Gauntlet | Identified the +0 hat of Insecurity {rF+ MP+9 Str-3 SInv}
 18874 | Gauntlet | Noticed a minotaur
 19166 | Lair:2   | Found a hole to the Spider Nest.
 19416 | Lair:2   | Reached skill level 16 in Dodging
 21286 | Lair:2   | Bought the +8 Vampire's Tooth {vamp} for 1740 gold pieces
 21286 | Lair:2   | Found the +8 Vampire's Tooth {vamp}
 21286 | Lair:2   | Bought a runed rapier for 203 gold pieces
 21365 | Lair:3   | Reached skill level 5 in Evocations
 21606 | Lair:3   | Noticed Snorg
 21623 | Lair:3   | Killed Snorg
 21624 | Lair:3   | Reached XP level 14. HP: 86/97 MP: 14/14
 21847 | Lair:3   | Noticed Prince Ribbit
 21868 | Lair:3   | Reached skill level 17 in Dodging
 21880 | Lair:3   | Killed Prince Ribbit
 22010 | Lair:3   | Found a glowing silver altar of Zin.
 22608 | Lair:4   | Found a staircase to the Shoals.
 22706 | Lair:4   | Noticed Nergalle
 22737 | Lair:4   | Killed Nergalle
 22917 | Lair:4   | Reached skill level 18 in Dodging
 23254 | Lair:4   | Noticed Nessos
 23271 | Lair:4   | Shot with an arrow by Nessos

Illustrated notes

Levels and vault maps discovered:
D:1:      lemuel_arrival_behind_the_door_large, layout_loops_ring
D:2:      layout_rooms, minmay_snake_closets
D:3:      layout_rooms, ebering_ecumenical_altar_webs, gammafunk_ghost_cemetery,
          uniq_jessica
D:4:      layout_basic
D:5:      layout_loops_cross, gammafunk_ghost_mausoleum, st_stairs_6,
          minmay_misc_feat_five, kennysheep_another_room
D:6:      layout_basic
D:7:      layout_cave_pools, minmay_temple_entry_arrows, hangedman_decor_points
D:8:      layout_loops_ring, minitemple, serial_shops, shop, uniq_psyche,
          uniq_maurice
D:9:      due_megacathedral, layout_small_grid, uniq_pikel
D:10:     layout_loops_ring, orc_0_dummy, minmay_diced_spiral
D:11:     regret_index_bee_streams, layout_loops_cross, david_lair_generic,
          doesnt_xom_only_xom, uniq_harold
Temple:   mainiacjoe_temple_big_plus
Lair:1:   layout_regular_city, gammafunk_ghost_grave, minivault_11, st_stairs_8,
          chequers_serial_rivers_room_a, uniq_fannar, uniq_amaemon
Lair:2:   layout_concentric_octagons, nicolae_spider_entry_orb_guardian,
          gauntlet_entry_generic, beast_lair_carwin_5, uniq_urug
Lair:3:   layout_cave_pods, basic_altar, lemuel_fruit_tree, grunt_megastairs_3,
          uniq_snorg, uniq_prince_ribbit2
Lair:4:   layout_roguey, elwin_shoals_entry_rooms, grunt_megastairs_4,
          serial_bayou_shore_a, uniq_nessos, uniq_nergalle

Skill      XL: |  1  2  3  4  5  6  7  8  9 10 11 12 13 14 |
---------------+-------------------------------------------+-----
Short Blades   | 1 2 3 4 5 6 7 8 9 10 11 12 13 14 | 14.0
Fighting       | 2 4 5 6 8 9 |  9.0
Dodging        | 3 6 8 11 13 15 16 18 | 18.4
Evocations     | 5 6 |  6.0
Stealth        | 2 |  2.1

Action                   |  1- 3 |  4- 6 |  7- 9 | 10-12 | 13-15 || total
-------------------------+-------+-------+-------+-------+-------++-------
Melee: Unarmed           |     5 |       |       |       |       ||     5
       Dagger            |    68 |    47 |       |       |       ||   115
       Constrict         |    16 |    19 |    34 |   109 |    82 ||   260
       Tentacles         |    14 |    17 |    64 |   300 |   396 ||   791
       Short sword       |       |    57 |   220 |  1050 |   584 ||  1911
       Punch             |       |       |     5 |    21 |    21 ||    47
       Quick blade       |       |       |       |       |   497 ||   497
Invok: Call Merchant     |       |       |       |       |     1 ||     1
Evoke: Wand              |     2 |       |    14 |    22 |     3 ||    41
  Use: Scroll            |       |    14 |       |    12 |     6 ||    32
       Potion            |       |       |       |     2 |     6 ||     8
 Stab: Sleeping          |     9 |    15 |     8 |     4 |     6 ||    42
       Distracted        |       |       |     3 |     5 |    10 ||    18
       Paralysed         |       |       |       |     6 |       ||     6
Armor: Skin              |     4 |    12 |    15 |    86 |    35 ||   152
Dodge: Dodged            |    41 |    30 |    64 |   447 |   431 ||  1013
Block: Other             |       |       |    18 |   118 |    84 ||   220
       Reflection        |       |       |       |     2 |     1 ||     3

Table legend: (Time is in decaauts)
 A = Elapsed time spent in this place.
 B = Non-inter-level travel time spent in this place.
 C = Inter-level travel time spent in this place.
 D = Time resting spent in this place.
 E = Time spent auto-exploring this place.
 F = Levels seen in this place.
 G = Mean time per level.
                   A        B        C        D        E       F      G
               +--------+--------+--------+--------+--------+-----+--------+
         Total |  21577 |  20854 |    723 |   7284 |   8637 |  17 | 1269.2 |
       Dungeon |  15584 |  15053 |    531 |   5930 |   5857 |  11 | 1416.7 |
        Temple |    405 |    339 |     66 |      0 |    333 |   1 |  405.0 |
          Lair |   4949 |   4823 |    126 |   1147 |   2317 |   4 | 1237.2 |
      Gauntlet |    638 |    638 |      0 |    207 |    130 |   1 |  638.0 |
               +--------+--------+--------+--------+--------+-----+--------+

Top non-repeatable levels by time:
    D:11: 3158 daAuts
     D:9: 2288 daAuts
  Lair:1: 1692 daAuts
    D:10: 1651 daAuts
  Lair:2: 1640 daAuts
     D:1: 1598 daAuts
     D:4: 1256 daAuts
     D:8: 1206 daAuts
     D:6: 1158 daAuts
  Lair:3: 1145 daAuts
     D:5: 1072 daAuts
     D:2: 1006 daAuts
     D:7: 644 daAuts
Gauntlet: 638 daAuts
     D:3: 542 daAuts
